 Dungeon Crawl Stone Soup version 0.29-a0-919-gd064cfad1c (webtiles) character file.

Game seed: 804162674002053791

14464 greasedhog the Skirmisher (level 12, -3/68 HPs)
             Began as a Gargoyle Hunter on July 27, 2022.
             Was a High Priest of Okawaru.
             Slain by a manticore (7 damage)
             ... on level 11 of the Dungeon.
             The game lasted 00:31:19 (9587 turns).

greasedhog the Skirmisher (Gargoyle Hunter)         Turns: 9587, Time: 00:31:20

Health: -3/68      AC: 25    Str: 22    XL:     12   Next: 16%
Magic:  15/15      EV: 14    Int: 10    God:    Okawaru [*****.]
Gold:   1301       SH:  0    Dex: 15    Spells: 8/11 levels left

rFire   + . .      SeeInvis .   b - +4 great sword (protect)
rCold   + . .      Faith    .   (shield currently unavailable)
rNeg    + . .      Spirit   .   m - +1 leather armour of Plasticity {rPois Regen+ Str+8}
rPois   ∞          Reflect  .   f - +2 helmet
rElec   +          Harm     .   (no cloak)
rCorr   .          Rampage  .   i - +1 pair of gloves of Patterns {rPois}
Will    .....                   (no boots)
Stlth   ++++......              j - amulet of regeneration
HPRegen 1.81/turn               w - ring of protection from cold
MPRegen 0.14/turn               n - ring of protection from fire

@: under a protective aura, flying
A: sickness immunity, AC +8, negative energy resistance 1, electricity
resistance, torment resistance 1, petrification resistance, big wings, clumsy 1,
weak 1
a: Renounce Religion, Heroism, Finesse, Duel


You were on level 11 of the Dungeon.
You worshipped Okawaru.
Okawaru was extremely pleased with you.
You visited 2 branches of the dungeon, and saw 12 of its levels.
You also visited: Bailey.

You collected 1589 gold pieces.
You spent 288 gold pieces at shops.

Inventory:

Hand Weapons
 a - a +0 vorpal shortbow
 b - a +4 great sword of protection (weapon)
Missiles
 v - a throwing net
Armour
 f - a +2 helmet (worn)
 i - the +1 pair of gloves of Patterns (worn) {rPois}
   (Okawaru gifted it to you on level 11 of the Dungeon)

   rPois:     It protects you from poison.
 m - the +1 leather armour of Plasticity (worn) {rPois Regen+ Str+8}
   (You found it on level 3 of the Dungeon)

   Str:       It affects your strength (+8).
   rPois:     It protects you from poison.
   Regen:     It increases your rate of health regeneration.
Jewellery
 j - an amulet of regeneration (around neck)
 n - a ring of protection from fire (right hand)
 p - an amulet of the acrobat
 w - a ring of protection from cold (left hand)
 G - a ring of positive energy
 H - an amulet of guardian spirit
Wands
 d - a wand of iceblast (10)
 s - a wand of mindburst (5)
 u - a wand of quicksilver (8)
Scrolls
 c - a scroll of fear
 g - 6 scrolls of identify
 h - 3 scrolls of enchant armour
 k - 3 scrolls of vulnerability
 l - 2 scrolls of teleportation
 q - 4 scrolls of blinking
 t - 3 scrolls of torment
 y - 6 scrolls of immolation
 C - 2 scrolls of enchant weapon
 F - a scroll of noise {unknown}
Potions
 e - 2 potions of curing
 o - a potion of attraction
 r - 2 potions of resistance
 x - 5 potions of haste {unknown}
 z - a potion of cancellation {unknown}
 A - a potion of mutation {unknown}
 B - 2 potions of invisibility {unknown}
 D - a potion of magic {unknown}
 E - 4 potions of lignification


   Skills:
 - Level 5.0 Fighting
 - Level 5.0(7.1) Short Blades
 * Level 7.8(8.5) Long Blades
 * Level 11.9 Ranged Weapons
 - Level 5.0 Armour
 - Level 5.0 Dodging
 * Level 8.8 Stealth
 - Level 5.0 Invocations


You had 8 spell levels left.
You knew the following spells:

 Your Spells              Type           Power      Damage    Failure   Level
a - Swiftness             Air            0%         N/A       78%         3

Your spell library contained the following spells:

 Spells                   Type           Power      Damage    Failure   Level
 Apportation              Tloc           0%         N/A       41%         1
 Shock                    Conj/Air       0%         1d3       41%         1
 Sting                    Tmut/Pois      0%         1d3       41%         1
 Poisonous Vapours        Pois/Air       0%         N/A       54%         2
 Scorch                   Fire           0%         2d5       54%         2
 Static Discharge         Conj/Air       0%         3-3/arc   54%         2
 Airstrike                Air            0%         0-1+      99%         4
 Corpse Rot               Necr/Pois/Air  0%         N/A       99%         4
 Dispel Undead            Necr           0%         3d6       99%         4
 Flame Wave               Conj/Fire      0%         2d4       99%         4
 Hailstorm                Conj/Ice       0%         3d3       99%         4
 Ice Form                 Ice/Tmut       0%         N/A       99%         4
 Olgreb's Toxic Radiance  Pois           0%         N/A       99%         4
 Passage of Golubria      Tloc           0%         N/A       99%         4
 Petrify                  Tmut/Erth      0%         N/A       99%         4
 Sticky Flame             Conj/Fire      0%         2d3       99%         4
 Alistair's Intoxication  Tmut/Pois      0%         N/A       100%        5
 Metabolic Englaciation   Hex/Ice        0%         N/A       100%        5
 Silence                  Hex/Air        0%         N/A       100%        5
 Lehudib's Crystal Spear  Conj/Erth      0%         10d2      100%        8
 Simulacrum               Ice/Necr       Unusable   N/A       N/A         6
 Statue Form              Tmut/Erth      Unusable   N/A       N/A         6
 Summon Cactus Giant      Summ           Unusable   N/A       N/A         6

Dungeon Overview and Level Annotations

Branches:
Dungeon (11/15)            Temple (1/1) D:6            Lair (0/5) D:9
 Bailey (visited)
    Orc: D:9-12

Altars:
Fedhas
Gozag
Okawaru
Qazlal
Sif Muna
Wu Jian
Yredelemnul

Shops:
D:4 **   D:5 (!?

Portals:
Trove: D:10 (give horn of Geryon)

Annotations:
D:9 exclusion: orange crystal statue


Innate Abilities, Weirdness & Mutations

You are immune to sickness and miasma.
Your stone body is resilient. (AC +8)
You are immune to poison.
You resist negative energy. (rN+)
You are resistant to electric shocks. (rElec)
You are resistant to unholy torment.
You are immune to petrification.
Your large and strong wings let you fly.
You are clumsy. (Dex -2)
You are weak. (Str -2)


Message History

The manticore claws you but does no damage.
The manticore claws you.
You are too injured to fight recklessly!
You are too injured to fight recklessly!
Your +4 great sword of protection hums with potential!
b - a +4 great sword of protection (weapon)
You closely miss the manticore.
The manticore is severely wounded.
The manticore bites you but does no damage.
The manticore closely misses you.
The manticore claws you but does no damage.
The manticore closely misses you.
The manticore claws you but does no damage.
The manticore misses you.
You hit the manticore but do no damage.
Your weapon exudes an aura of protection.
The manticore is heavily wounded.
The manticore misses you.
The manticore claws you but does no damage. x2
You barely miss the manticore.
The manticore is heavily wounded.
You carefully extract the barbed spikes from your body.
The manticore closely misses you.
The manticore claws you but does no damage.
The manticore claws you.
You closely miss the manticore.
The manticore is heavily wounded.
The manticore bites you! The manticore closely misses you.
The manticore misses you.
You slash the manticore!
Your weapon exudes an aura of protection.
The manticore is almost dead.
The manticore bites you!
* * * LOW HITPOINT WARNING * * *
The manticore completely misses you. The manticore claws you.
* * * LOW HITPOINT WARNING * * *
The manticore barely misses you. The manticore claws you.
* * * LOW HITPOINT WARNING * * *
The manticore claws you!
You die...

#.......# #.......#
#.......# #.......#####
#.........(.#
#...........# #....#
#......H....# #....#
#......@..<.# #....#
#...........#####....#
#......###+#.........#
#......#...#.........#
#..........+.........+
#..........#.....)...##+
#########..###'####.....
#.....))...#.....
#...)......#.....


You could see a manticore.

Vanquished Creatures
  A boulder beetle (D:11)
  3 two-headed ogres
  2 orc knights (Bailey)
  2 orc sorcerers
  A cyclops (D:11)
  Psyche (D:8)
  Maggie (D:6)
  A komodo dragon (D:10)
  2 kobold demonologists
  Sigmund (D:2)
  3 wraiths (D:10)
  12 yaks
  Eustachio (D:5)
  A basilisk (D:11)
  Menkaure (D:5)
  Edmund (D:5)
  5 water moccasins (D:9)
  2 black bears
  An ice beast (D:6)
  2 sky beasts
  14 orc warriors
  7 centaurs
  A phantom (D:4)
  2 kobold brigands (D:6)
  3 bullfrogs
  A necrophage (D:4)
  Blork the orc (D:5)
  A scorpion (D:5)
  14 wights
  9 killer bees (D:8)
  3 electric eels (Bailey)
  6 howler monkeys
  4 hounds
  4 gnoll boudas
  7 orc priests
  6 iguanas
  6 orc wizards
  18 gnolls
  6 adders
  A white imp (D:8)
  An ufetubus (D:7)
  A worm (D:2)
  6 dart slugs
  45 orcs
  5 endoplasms
  2 giant cockroaches
  18 goblins
  10 hobgoblins
  6 jackals
  3 quokkas
  9 ball pythons
  7 bats
  5 frilled lizards
  17 kobolds
  5 rats
  A spectral kobold (D:1)
299 creatures vanquished.

Vanquished Creatures (others)
  37 fungi (D:9)
  35 plants (D:9)
72 creatures vanquished.

Grand Total: 371 creatures vanquished

Notes
Turn   | Place    | Note
-------+----------+-------------------------------------------
     0 | D:1      | greasedhog the Gargoyle Hunter began the quest for the Orb.
     0 | D:1      | Reached XP level 1. HP: 12/12 MP: 1/1
   104 | D:1      | Reached XP level 2. HP: 17/17 MP: 2/2
   204 | D:1      | Reached skill level 1 in Short Blades
   314 | D:1      | Reached XP level 3. HP: 21/21 MP: 3/3
   423 | D:1      | Found a faded altar of an unknown god.
   631 | D:2      | Found an opulent altar of Gozag.
   783 | D:2      | Noticed Sigmund
   784 | D:2      | Reached XP level 4. HP: 26/26 MP: 4/4
   799 | D:2      | Killed Sigmund
   800 | D:2      | Reached skill level 5 in Ranged Weapons
   800 | D:2      | Reached XP level 5. HP: 30/30 MP: 5/5
  1095 | D:2      | Reached XP level 6. HP: 35/35 MP: 6/6
  1464 | D:3      | Identified the +1 leather armour of Plasticity {rPois
                  | Regen+ Str+8}
  2087 | D:4      | Reached skill level 5 in Stealth
  2087 | D:4      | Reached XP level 7. HP: 39/40 MP: 7/7
  2245 | D:4      | Found Etsiff's General Store.
  2247 | D:4      | Found Mitek's Specific Store.
  2254 | D:4      | Bought a scroll of identify for 26 gold pieces
  2648 | D:5      | Entered Level 5 of the Dungeon
  2662 | D:5      | Noticed Edmund
  2687 | D:5      | Killed Edmund
  2722 | D:5      | Reached skill level 6 in Ranged Weapons
  2754 | D:5      | Found Bycvuoso's Magic Scroll Shop.
  2763 | D:5      | Bought a scroll of identify for 30 gold pieces
  2763 | D:5      | Bought a scroll of identify for 30 gold pieces
  2763 | D:5      | Bought a scroll of identify for 30 gold pieces
  2763 | D:5      | Bought a scroll of identify for 30 gold pieces
  2763 | D:5      | Bought a scroll of blinking for 112 gold pieces
  2763 | D:5      | Bought a scroll of identify for 30 gold pieces
  2830 | D:5      | Found Paupukh's Distillery.
  2886 | D:5      | Found an iron altar of Okawaru.
  2899 | D:5      | Noticed Blork the orc
  2914 | D:5      | Became a worshipper of Warmaster Okawaru
  2949 | D:5      | Killed Blork the orc
  3019 | D:5      | Found an ornate altar of the Wu Jian Council.
  3037 | D:5      | Reached XP level 8. HP: 44/44 MP: 8/8
  3077 | D:5      | Noticed Eustachio
  3131 | D:5      | Killed Eustachio
  3131 | D:5      | Noticed Menkaure
  3171 | D:5      | Killed Menkaure
  3171 | D:5      | Reached * piety under Okawaru
  3208 | D:5      | Found a basalt altar of Yredelemnul.
  3261 | D:5      | Found Gurak's Weapon Boutique.
  3617 | D:5      | Reached skill level 5 in Short Blades
  3743 | D:6      | Reached skill level 7 in Ranged Weapons
  3773 | D:6      | Found a shimmering blue altar of Sif Muna.
  3789 | D:6      | Found a blossoming altar of Fedhas.
  4065 | D:6      | Reached ** piety under Okawaru
  4066 | D:6      | Reached XP level 9. HP: 36/52 MP: 9/9
  4103 | D:6      | Learned a level 3 spell: Swiftness
  4382 | D:6      | Noticed Maggie
  4408 | D:6      | Killed Maggie
  4409 | D:6      | Reached skill level 8 in Ranged Weapons
  4458 | D:6      | Found a staircase to the Ecumenical Temple.
  4494 | Temple   | Entered the Ecumenical Temple
  4651 | D:7      | Reached skill level 5 in Fighting
  4666 | D:7      | Reached skill level 1 in Invocations
  4844 | D:7      | Reached skill level 5 in Dodging
  5308 | D:8      | Reached skill level 1 in Long Blades
  5346 | D:8      | Noticed Psyche
  5422 | D:8      | Killed Psyche
  5422 | D:8      | Reached *** piety under Okawaru
  5427 | D:8      | Reached XP level 10. HP: 56/59 MP: 10/12
  5463 | D:8      | Reached skill level 9 in Ranged Weapons
  5544 | D:8      | Identified the ring "Ylein" {Ice Int+8}
  5552 | D:8      | Found the +13 scythe of Curses {drain, Drain}
  5698 | D:8      | Found a stormy altar of Qazlal.
  5776 | D:8      | Reached skill level 5 in Invocations
  5828 | D:8      | Reached skill level 1 in Armour
  5832 | D:8      | Reached **** piety under Okawaru
  5912 | D:8      | Found a flagged portal.
  5944 | Bailey   | Entered a bailey
  6002 | Bailey   | Noticed an orc sorcerer
  6018 | Bailey   | Killed an orc sorcerer
  6113 | Bailey   | Reached skill level 10 in Ranged Weapons
  6220 | Bailey   | Noticed an orc knight
  6301 | Bailey   | Killed an orc knight
  6302 | Bailey   | Reached skill level 5 in Long Blades
  6337 | Bailey   | Noticed an orc knight
  6434 | Bailey   | Killed an orc knight
  6434 | Bailey   | Reached ***** piety under Okawaru
  6435 | Bailey   | Reached XP level 11. HP: 63/63 MP: 14/14
  6540 | Bailey   | Found an iron altar of Okawaru.
  6578 | Bailey   | Gained mutation: Your large and strong wings let you fly.
                  | [a neqoxec]
  6582 | Bailey   | Gained mutation: You are clumsy. (Dex -2) [a neqoxec]
  6615 | Bailey   | Gained mutation: You are weak. (Str -2) [a neqoxec]
  6627 | Bailey   | Reached skill level 5 in Armour
  7034 | D:9      | Noticed an orange crystal statue
  7154 | D:9      | Identified the +5 great sword of the Lair of Beasts {elec,
                  | *Corrode Drain Int+8 Dex+3} (Okawaru gifted it to you on
                  | level 9 of the Dungeon)
  7154 | D:9      | Received a gift from Okawaru
  7203 | D:9      | Found a staircase to the Lair.
  7255 | D:9      | Acquired 907 gold pieces
  8144 | D:10     | Entered Level 10 of the Dungeon
  8177 | D:10     | Reached skill level 11 in Ranged Weapons
  8191 | D:10     | Noticed a two-headed ogre
  8197 | D:10     | Killed a two-headed ogre
  8277 | D:10     | Noticed a two-headed ogre
  8295 | D:10     | Killed a two-headed ogre
  8693 | D:10     | Found a portal to a secret trove of treasure.
  9177 | D:11     | Noticed an orc knight
  9179 | D:11     | Noticed an orc sorcerer
  9189 | D:11     | Killed an orc sorcerer
  9273 | D:11     | Identified the +1 pair of gloves of Patterns {rPois}
                  | (Okawaru gifted it to you on level 11 of the Dungeon)
  9273 | D:11     | Received a gift from Okawaru
  9294 | D:11     | Noticed a boulder beetle
  9322 | D:11     | Killed a boulder beetle
  9323 | D:11     | Reached XP level 12. HP: 18/68 MP: 8/15
  9420 | D:11     | Noticed a two-headed ogre
  9429 | D:11     | Killed a two-headed ogre
  9587 | D:11     | Slain by a manticore

Illustrated notes

Levels and vault maps discovered:
D:1:      dpeg_arrival_round_a, layout_rooms,
          dreamdust_ecumenical_altar_drowned_temple, dreamdust_wishing_well
D:2:      layout_loops_cross, basic_altar, uniq_sigmund
D:3:      layout_loops_cross
D:4:      layout_basic, corner_web_ring, nicolae_specific_store
D:5:      layout_cave_pods, overflow_temple_1_default,
          mainiacjoe_overflow_catch_the_wave, serial_shops, shop, shop,
          nicolae_diamond_shop, uniq_eustachio, uniq_edmund, uniq_blork_the_orc,
          uniq_menkaure
D:6:      layout_basic, mainiacjoe_overflow_large_starburst,
          minmay_temple_entry_nine_rooms, uniq_maggie
D:7:      layout_basic
D:8:      layout_rooms, nicolae_qazlal_general_emergency, enter_bailey_5,
          hex_large, minmay_checkerbox, uniq_psyche
D:9:      layout_loops_ring, due_lair_maze_entry_diamond, minivault_16
D:10:     nicolae_cairo_tiling_large, layout_irregular_city,
          nicolae_trove_entry_free_sample
D:11:     layout_gridville, hiddenorc1_lemuel
Temple:   minmay_temple_bridge_d

Skill      XL: |  1  2  3  4  5  6  7  8  9 10 11 |
---------------+----------------------------------+-----
Short Blades   | 1 2 3 4 5 |  5.0
Stealth        | 2 3 4 5 8 |  8.8
Ranged Weapons | 5 6 7 8 10 11 | 11.9
Dodging        | 2 4 5 |  5.0
Fighting       | 3 5 |  5.0
Invocations    | 3 5 |  5.0
Long Blades    | 2 5 7 |  7.8
Armour         | 4 5 |  5.0

Action                   |  1- 3 |  4- 6 |  7- 9 | 10-12 || total
-------------------------+-------+-------+-------+-------++-------
Melee: Dagger            |       |    18 |   122 |       ||   140
       Punch             |       |       |     8 |       ||     8
       Falchion          |       |       |   179 |    36 ||   215
       Great sword       |       |       |       |   364 ||   364
 Fire: Shortbow          |   103 |   131 |   319 |   545 ||  1098
Invok: Heroism           |       |       |     3 |    11 ||    14
       Finesse           |       |       |       |     1 ||     1
Evoke: Wand              |       |       |       |     6 ||     6
  Use: Scroll            |       |     4 |    11 |     4 ||    19
       Potion            |       |       |     6 |     1 ||     7
Armor: Leather armour    |    14 |    17 |   205 |   258 ||   494
       Skin              |       |       |    10 |       ||    10
Dodge: Dodged            |    26 |    56 |   372 |   393 ||   847

Table legend: (Time is in decaauts)
 A = Elapsed time spent in this place.
 B = Non-inter-level travel time spent in this place.
 C = Inter-level travel time spent in this place.
 D = Time resting spent in this place.
 E = Time spent auto-exploring this place.
 F = Levels seen in this place.
 G = Mean time per level.
                   A        B        C        D        E       F      G
               +--------+--------+--------+--------+--------+-----+--------+
         Total |   9718 |   9162 |    556 |     39 |   6143 |  13 |  747.5 |
       Dungeon |   8827 |   8271 |    556 |     33 |   5827 |  11 |  802.5 |
        Temple |      1 |      1 |      0 |      0 |      0 |   1 |    1.0 |
        Bailey |    889 |    889 |      0 |      6 |    316 |   1 |  889.0 |
               +--------+--------+--------+--------+--------+-----+--------+

Top non-repeatable levels by time:
     D:9: 1045 daAuts
     D:5: 1009 daAuts
     D:6: 912 daAuts
  Bailey: 889 daAuts
    D:10: 883 daAuts
     D:8: 855 daAuts
     D:7: 816 daAuts
     D:4: 812 daAuts
     D:2: 685 daAuts
     D:1: 642 daAuts
    D:11: 588 daAuts
     D:3: 575 daAuts
  Temple: 1 daAuts
